 Dungeon Crawl Stone Soup version 0.31-a0-214-gb37851dbb3 (webtiles) character file.

Game seed: 13471422145821814823

283 qw the Shooter (level 6, -2/37 HPs)
             Began as a Gargoyle Hexslinger on July 1, 2023.
             Was an Initiate of Okawaru.
             Slain by Edmund
             ... wielding a +0 flail of protection
              (6 damage)
             ... on level 4 of the Dungeon.
             The game lasted 00:01:33 (3685 turns).

qw the Shooter (Gargoyle Hexslinger)                Turns: 3685, Time: 00:01:33

Health: -2/37      AC: 10    Str: 11    XL:     6   Next: 28%
Magic:  7/7        EV: 10    Int: 14    God:    Okawaru [......]
Gold:   203        SH:  0    Dex: 14    Spells: 6/7 levels left

rFire   . . .        Y - +1 sling
rCold   . . .        (no shield)
rNeg    + . .        d - +0 ring mail
rPois   inf          (no helmet)
rElec   +            (no cloak)
rCorr   .            a - +0 pair of gloves
SInv    .            (no boots)
Will    .....        (no amulet)
Stlth   +            (no ring)
HPRegen 0.26/turn    (no ring)
MPRegen 0.10/turn

%: no passive effects
@: no status effects
A: sickness immunity, AC +4, negative energy resistance 1, electricity
resistance, torment resistance 1, petrification resistance
a: Renounce Religion


You were on level 4 of the Dungeon.
You worshipped Okawaru.
Okawaru was noncommittal.
You visited 2 branches of the dungeon, and saw 6 of its levels.

You collected 203 gold pieces.


Innate Abilities, Weirdness & Mutations

You are immune to sickness and miasma.
Your stone body is resilient. (AC +4)
You are immune to poison.
You resist negative energy. (rN+)
You are resistant to electric shocks. (rElec)
You are resistant to unholy torment.
You are immune to petrification.


   Skills:
 - Level 3.3 Fighting
 + Level 5.5 Ranged Weapons
 - Level 1.0 Armour
 - Level 1.5 Dodging
 - Level 1.0 Spellcasting
 - Level 2.6 Hexes


You had 6 spell levels left.
You knew the following spells:

 Your Spells              Type           Power      Damage    Failure   Level
a - Slow                  Hex            32%        N/A       21%         1

Your spell library contained the following spells:

 Spells                   Type           Power      Damage    Failure   Level
 Inner Flame              Hex/Fire       4%         N/A       71%         3
 Portal Projectile        Hex/Tloc       8%         N/A       71%         3
 Cause Fear               Hex            4%         N/A       90%         4

Inventory:

Hand Weapons
 Y - a +1 sling (weapon)
Armour
 a - a +0 pair of gloves (worn)
 d - a +0 ring mail (worn)
Scrolls
 b - a scroll of identify
Potions
 e - a potion of enlightenment {unknown}
 f - a potion of haste
 g - a potion of cancellation {unknown}
 h - a potion of curing {unknown}

Dungeon Overview and Level Annotations

Branches:
Dungeon (5/15)             Temple (1/1) D:4

Altars:
Cheibriados
Dithmenos
Elyvilon
Hepliaklqana
Nemelex Xobeh
Okawaru
Qazlal
Ru
Sif Muna
Trog
Uskayaw
Vehumet
Wu Jian
Xom
Yredelemnul
Zin

Annotations:
D:4 Edmund


Message History

Edmund hits you but does no damage.
You shoot a sling bullet. The sling bullet hits Edmund.
Edmund is lightly wounded.
Edmund hits you but does no damage. Edmund barely misses you.
You shoot a sling bullet.
The sling bullet hits Edmund but does no damage.
Edmund is lightly wounded.
Edmund hits you but does no damage.
You shoot a sling bullet.
The sling bullet hits Edmund but does no damage.
Edmund is lightly wounded.
Edmund hits you with a +0 flail of protection.
You shoot a sling bullet.
The sling bullet hits Edmund but does no damage.
Edmund is lightly wounded.
Edmund hits you but does no damage.
You shoot a sling bullet.
The sling bullet hits Edmund but does no damage.
Edmund is lightly wounded.
Edmund hits you with a +0 flail of protection.
Edmund closely misses you.
You shoot a sling bullet. The sling bullet hits Edmund.
Edmund is moderately wounded.
Edmund barely misses you.
You shoot a sling bullet.
The sling bullet hits Edmund but does no damage.
Edmund is moderately wounded.
Edmund hits you but does no damage.
You shoot a sling bullet.
The sling bullet hits Edmund but does no damage.
Edmund is moderately wounded.
Edmund hits you with a +0 flail of protection.
You shoot a sling bullet.
The sling bullet hits Edmund but does no damage.
Edmund is moderately wounded.
Edmund hits you with a +0 flail of protection.
Edmund hits you but does no damage.
You shoot a sling bullet. The sling bullet barely misses Edmund.
Edmund hits you with a +0 flail of protection.
You die...

#.#...........#.#.#######......#.
#.#........)#.#.#...###......#.##
#+#.........#.#.###...#..........
............#.#.............#....
............#..#...#.......#.....
............##.#...#.).###.#.....
#........................#.#.....
###...........#..........#.#.....
.....#####....#@@......###.#.....
.....# #....####...............
.....#####....# ####.####.#....'
.........#....# ####.####......'
...#.###.#....# #..............#
...#.###.#....####....<..........
###....#.#.......................
#[...#.#..................##...
#....#....#...[..#.............


You could see Edmund.

Vanquished Creatures
  A scorpion (D:4)
  A howler monkey (D:4)
  A hound (D:4)
  7 adders
  3 worms
  2 dart slugs
  An orc (D:4)
  5 ball pythons
  3 bats
  5 endoplasms
  3 giant cockroaches
  5 goblins
  13 hobgoblins
  7 jackals
  8 kobolds
  4 quokkas
  6 frilled lizards
  10 rats
85 creatures vanquished.

Notes
Turn   | Place    | Note
-------+----------+-------------------------------------------
     0 | D:1      | qw the Gargoyle Hexslinger began the quest for the Orb.
     0 | D:1      | Reached XP level 1. HP: 12/12 MP: 2/2
     0 | D:1      | 0 ||| qw: Version: 0.3-a-32-g5962c71
     0 | D:1      | 0 ||| qw: Game counter: 7653
     0 | D:1      | 0 ||| qw: Melee chars always use a shield: true
     0 | D:1      | 0 ||| qw: God list: Okawaru
     0 | D:1      | 0 ||| qw: Allow faded altars: false
     0 | D:1      | 0 ||| qw: Do Orc after clearing Dungeon:15 true
     0 | D:1      | 0 ||| qw: Do second Lair branch before Depths: true
     0 | D:1      | 0 ||| qw: Lair rune preference: random
     0 | D:1      | 0 ||| qw: Goals: Normal
     0 | D:1      | 0 ||| PLANNING D:1-11
   129 | D:1      | Reached XP level 2. HP: 16/16 MP: 3/3
   246 | D:1      | Reached skill level 3 in Ranged Weapons
   566 | D:1      | Reached XP level 3. HP: 20/21 MP: 4/4
   918 | D:1      | 918 ||| UPGRADING to +0 leather armour.
   928 | D:1      | 928 ||| DROPPING +0 robe.
   929 | D:1      | 929 ||| READING scroll labelled DAEMAR BURPHYSAL.
   932 | D:1      | 932 ||| READING scroll labelled FOBRAE BESCHA.
   933 | D:1      | 933 ||| READING scroll labelled BUMO SAMOI.
   934 | D:1      | 934 ||| DROPPING scroll of poison.
  1543 | D:2      | Found a faded altar of an unknown god.
  1716 | D:2      | Reached skill level 4 in Ranged Weapons
  1716 | D:2      | Reached XP level 4. HP: 22/26 MP: 5/5
  1864 | D:2      | 1864 ||| UPGRADING to +0 pair of gloves.
  1869 | D:2      | 1869 ||| UPGRADING to +0 ring mail.
  1879 | D:2      | 1879 ||| DROPPING +0 leather armour.
  1880 | D:2      | 1880 ||| DRINKING 2 cyan potions.
  1881 | D:2      | 1881 ||| READING 2 scrolls of identify.
  1881 | D:2      | 1881 ||| IDENTIFYING bubbling dark potion
  1882 | D:2      | 1882 ||| DROPPING potion of lignification.
  1904 | D:3      | 1904 ||| PLANNING SEWER
  1986 | D:3      | Reached skill level 1 in Armour
  2332 | D:3      | 2332 ||| Stepping ~*~*~tactically~*~*~ (outnumbered).
  2440 | D:3      | HP: 6/26 [jackal (1)]
  2441 | D:3      | 2441 ||| READING scroll of teleportation.
  2528 | D:3      | 2528 ||| RIP SEWER
  2614 | D:3      | 2614 ||| PLANNING D:1-11
  2768 | D:3      | Found a hazy altar of Hepliaklqana.
  2926 | D:4      | Reached XP level 5. HP: 29/30 MP: 6/6
  3000 | D:4      | Reached skill level 5 in Ranged Weapons
  3069 | D:4      | Found a staircase to the Ecumenical Temple.
  3070 | D:4      | 3070 ||| PLANNING TEMPLE
  3070 | D:4      | 3070 ||| READING scroll labelled ZANNOA TOEF.
  3071 | D:4      | 3071 ||| READING scroll labelled ZOTED XUBUCU.
  3083 | Temple   | Entered the Ecumenical Temple
  3102 | Temple   | 3102 ||| PLANNING OKAWARU WORSHIP
  3152 | Temple   | Became a worshipper of Warmaster Okawaru
  3153 | Temple   | 3153 ||| PLANNING D:1-11
  3226 | D:4      | Reached XP level 6. HP: 36/36 MP: 7/7
  3412 | D:4      | Reached skill level 3 in Fighting
  3630 | D:4      | 3630 ||| READING scroll labelled CAITIU ANWOPI.
  3631 | D:4      | 3631 ||| READING 2 scrolls of identify.
  3631 | D:4      | 3631 ||| IDENTIFYING viscous golden potion
  3632 | D:4      | 3632 ||| DROPPING potion of degeneration.
  3659 | D:5      | Entered Level 5 of the Dungeon
  3659 | D:5      | Noticed Edmund
  3667 | D:5      | 3667 ||| STAIRDANCE
  3683 | D:4      | HP: 6/37 [Edmund/+0 flail of protection (5)]
  3685 | D:4      | Slain by Edmund

Levels and vault maps discovered:
D:1:      heliophobic_arrival_battle_scene, layout_basic, roderic_lattice_a
D:2:      layout_basic, chequers_ecumenical_altar_simple,
          hangedman_decor_slide_cut, chequers_serial_rivers_small_3,
          minmay_nonomino_d4
D:3:      layout_basic, mainiacjoe_overflow_brackets, gup_sewer_entry_bowl
D:4:      layout_basic, minmay_temple_entry_purple_smoke
D:5:      layout_rooms, ashenzari_conservatory_becter, nicolae_specific_store,
          uniq_edmund
Temple:   eino_wide_crystal_templ

Skill      XL: |  1  2  3  4  5  6 |
---------------+-------------------+-----
Ranged Weapons | 3 4 5 |  5.5
Fighting       | 2 3 |  3.3
Armour         | 1 |  1.0
Dodging        | |  1.5
Spellcasting   | |  1.0
Hexes          | |  2.6

Action                     |  1- 3 |  4- 6 || total
---------------------------+-------+-------++-------
   Fire: Sling             |   141 |   256 ||   397
    Use: Scroll            |     3 |     6 ||     9
         Potion            |       |     1 ||     1
 Armour: Robe              |     8 |       ||     8
         Leather armour    |    15 |       ||    15
         Ring mail         |       |   160 ||   160
  Dodge: Dodged            |    38 |   120 ||   158

Table legend:
 A = Non-vault XP
 B = Vault XP
 C = Vault XP percentage of total XP
 D = Non-vault monster count
 E = Vault monster count
 F = Vault count percentage of total count
                 A         B        C        D         E       F
            +---------+---------+-------+---------+---------+-------
      Total |     391 |      14 |   3.5 |      76 |       9 |  10.6
            +---------+---------+-------+---------+---------+-------
        D:1 |      38 |       0 |   0.0 |      22 |       0 |   0.0
        D:2 |      48 |       8 |  14.3 |      14 |       6 |  30.0
        D:3 |      51 |       6 |  10.5 |      20 |       3 |  13.0
        D:4 |     254 |       0 |   0.0 |      20 |       0 |   0.0
            +---------+---------+-------+---------+---------+-------
